 Dungeon Crawl Stone Soup version 0.32-a0-305-gcc768c7156 (webtiles) character file.

Game seed: 2668675127346880306

280 Dirtsage the Chopper (level 6, 0/53 HPs)
             Began as a Mountain Dwarf Fighter on Feb 15, 2024.
             Slain by a scorpion (1 damage)
             ... on level 4 of the Dungeon.
             The game lasted 00:04:47 (2840 turns).

Dirtsage the Chopper (Mountain Dwarf Fighter)       Turns: 2840, Time: 00:04:48

Health: 0/53       AC:  8    Str: 21    XL:     6   Next: 5%
Magic:  6/6        EV:  9    Int:  8    God:
Gold:   141        SH:  9    Dex:  9    Spells: 5/5 levels left

rFire   . . .        a - +0 war axe
rCold   . . .        c - +0 buckler
rNeg    . . .        b - +0 scale mail
rPois   .            r - +0 helmet
rElec   .            (no cloak)
rCorr   .            (no gloves)
SInv    .            (no boots)
Will    +....        l - amulet of reflection Stlth
                     f - ring of willpower
HPRegen 0.28/turn    (no ring)
MPRegen 0.10/turn

%: reflection
@: no status effects
A: runic magic, artefact enchanting
a: Convert to Beogh


You were on level 4 of the Dungeon.
You visited 1 branch of the dungeon, and saw 4 of its levels.

You collected 189 gold pieces.
You spent 48 gold pieces at shops.

Inventory:

Hand Weapons
 a - a +0 war axe (weapon)
Missiles
 k - 3 curare-tipped darts (quivered)
 s - a throwing net
Armour
 b - a +0 scale mail (worn)
 c - a +0 buckler (worn)
 r - a +0 helmet (worn)
Jewellery
 f - a ring of willpower (left hand)
 l - an amulet of reflection (around neck)
 o - an amulet of magic regeneration
Scrolls
 g - a scroll of amnesia {unknown}
 h - a scroll of poison {unknown}
 j - a scroll of vulnerability {unknown}
 m - 2 scrolls of teleportation
 n - a scroll of noise {unknown}
 t - a scroll of brand weapon {unknown}
 u - a scroll of enchant armour {unknown}
Potions
 d - a potion of might
 e - a potion of brilliance
 i - a potion of degeneration {unknown}
 p - a potion of magic {unknown}
 q - 2 potions of curing
 v - a potion of berserk rage {unknown}


   Skills:
 + Level 4.7 Fighting
 * Level 5.6 Axes
 - Level 3.2 Armour
 + Level 4.6 Shields


You had 5 spell levels left.
You didn't know any spells.
Your spell library contained the following spells:

 Spells                   Type           Power      Damage    Failure   Level
 Freeze                   Ice            0%         1d3       56%         1
 Sting                    Conj/Alch      0%         1d3       56%         1
 Mercury Vapours          Alch/Air       0%         N/A       71%         2
 Frozen Ramparts          Ice            0%         1d1       90%         3
 Hailstorm                Conj/Ice       0%         3d5       90%         3
 Olgreb's Toxic Radiance  Alch           0%         N/A       100%        4


Dungeon Overview and Level Annotations

Branches:
Dungeon (4/15)
 Temple: D:4-7

Altars:
Dithmenos

Shops:
D:1 ?   D:3 :

Annotations:
D:3 3 runed translucent doors, Nebesus's ghost, amateur AtFi


Innate Abilities, Weirdness & Mutations

Your spellcasting is much less encumbered by armour.
You can use scrolls of enchantment on lesser artefacts.


Message History

You take 7 damage, and have 19/53 hp.
You hit the orc but do no damage.
The orc is heavily wounded.
The orc hits you with a +0 trident.
* * * LOW HITPOINT WARNING * * *
You block the orc's attack.
You take 4 damage, and have 15/53 hp.
You slash the orc!
You kill the orc!
The orc priest miscasts a cantrip.
You hit the orc but do no damage. You block the orc's attack.
You barely miss the orc. The orc barely misses you.
You hit the orc.
The orc is heavily wounded.
The orc priest calls down the wrath of Beogh upon you.
Beogh smites you!
* * * LOW HITPOINT WARNING * * *
The orc hits you but does no damage.
You take 12 damage, and have 4/53 hp.
MASSIVE DAMAGE!!
You feel better. The orc hits you but does no damage.
The orc priest calls upon Beogh to heal the orc.
The orc's wounds heal themselves!
You regained 11 hp, and now have 15/53 hp.
You barely miss the orc. You block the orc's attack.
The orc priest casts a cantrip, but nothing happens.
The orc hits you but does no damage.
You slash the orc!
You kill the orc!
You block the scorpion's attack.
You slash the scorpion!
The scorpion is heavily wounded.
The scorpion closely misses you.
The orc priest invokes the aid of Beogh against you.
Beogh smites you!
* * * LOW HITPOINT WARNING * * *
You take 15 damage, and have 1/53 hp.
MASSIVE DAMAGE!!
You hit the scorpion.
The scorpion is severely wounded.
The scorpion completely misses you. The scorpion stings you.
You die...

##..##..=#.......#
.# ..#...##....###
# ##.. ##...# #..
#...## .# #.##...#
#©#...## #.#....#
###..#.# .....#@#
.......#s########.
....[...o..)oo....
####.########s....
#. ### #.


You could see a scorpion and an orc priest.

Vanquished Creatures
  A black bear (D:4)
  An orc priest (D:4)
  An orc wizard (D:3)
  2 adders (D:2)
  2 dart slugs
  7 orcs
  4 bats
  8 endoplasms
  3 giant cockroaches
  8 goblins
  8 hobgoblins
  4 quokkas
  3 ball pythons
  A frilled lizard (D:2)
  5 kobolds
  2 rats
60 creatures vanquished.

Vanquished Creatures (others)
  A ball python (D:1)
  A rat (D:1)
2 creatures vanquished.

Grand Total: 62 creatures vanquished

Notes
Turn   | Place    | Note
-------+----------+-------------------------------------------
     0 | D:1      | Dirtsage the Mountain Dwarf Fighter began the quest for the
                  | Orb.
     0 | D:1      | Reached XP level 1. HP: 19/19 MP: 1/1
   149 | D:1      | Reached XP level 2. HP: 10/26 MP: 2/2
   233 | D:1      | Reached skill level 3 in Axes
   330 | D:1      | Found Askavag's Magic Scroll Shoppe.
   342 | D:1      | Bought a scroll of identify for 24 gold pieces
   342 | D:1      | Bought a scroll of identify for 24 gold pieces
   759 | D:1      | Reached XP level 3. HP: 33/33 MP: 3/3
  1313 | D:2      | Reached skill level 4 in Axes
  1350 | D:2      | Reached XP level 4. HP: 39/40 MP: 4/4
  2010 | D:3      | Found a runed translucent gate.
  2011 | D:3      | Found a runed translucent gate.
  2012 | D:3      | Found a runed translucent gate.
  2030 | D:3      | Reached XP level 5. HP: 37/46 MP: 5/5
  2079 | D:3      | Noticed Nebesus's ghost (amateur AtFi)
  2163 | D:3      | Found Dohaguha's Book Shop.
  2577 | D:3      | Found a shadowy altar of Dithmenos.
  2758 | D:4      | Noticed a black bear
  2763 | D:4      | Killed a black bear
  2764 | D:4      | Reached skill level 5 in Axes
  2798 | D:4      | Found a transporter.
  2824 | D:4      | Reached XP level 6. HP: 24/53 MP: 6/6
  2839 | D:4      | HP: 1/53 [orc priest/divine providence (16)]
  2840 | D:4      | Slain by a scorpion

Illustrated notes

Levels and vault maps discovered:
D:1:      elethiomel_arrival_infinity_welcomes_careful_drivers, layout_basic,
          serial_shops, nicolae_shop_statue_plus, roderic_lattice_a,
          eino_curves_01, lemuel_flame_loot_1
D:2:      layout_loops_cross
D:3:      layout_loops_corners, mainiacjoe_overflow_brackets,
          gammafunk_ghost_split, serial_shops, shop, st_stairs_11
D:4:      layout_loops_ring, lemuel_coloured_pillars_altar,
          gammafunk_ghost_abyssal_escape, gup_sewer_entry_bubbles,
          uniq_eustachio

Skill      XL: |  1  2  3  4  5 |
---------------+----------------+-----
Axes           | 3 4 5 |  5.6
Fighting       | 4 |  4.7
Shields        | 4 |  4.6
Armour         | |  3.2

Action                     |  1- 3 |  4- 6 || total
---------------------------+-------+-------++-------
  Melee: War axe           |    65 |    94 ||   159
  Throw: Dart              |       |     1 ||     1
    Use: Scroll            |     2 |       ||     2
         Potion            |       |     1 ||     1
 Armour: Scale mail        |    39 |    57 ||    96
  Dodge: Dodged            |    22 |    25 ||    47
  Block: Buckler           |    29 |    42 ||    71
         Reflection        |     1 |     2 ||     3

Table legend: (Time is in decaauts)
 A = Elapsed time spent in this place.
 B = Non-inter-level travel time spent in this place.
 C = Inter-level travel time spent in this place.
 D = Time resting spent in this place.
 E = Time spent auto-exploring this place.
 F = Levels seen in this place.
 G = Mean time per level.
                   A        B        C        D        E       F      G
               +--------+--------+--------+--------+--------+-----+--------+
         Total |   2888 |   2826 |     62 |      0 |   2407 |   4 |  722.0 |
       Dungeon |   2888 |   2826 |     62 |      0 |   2407 |   4 |  722.0 |
               +--------+--------+--------+--------+--------+-----+--------+

Top non-repeatable levels by time:
     D:1: 1137 daAuts
     D:3: 933 daAuts
     D:2: 711 daAuts
     D:4: 106 daAuts
